[Event "Fast Chess"]
[Site "ChessKid.com"]
[Date "2020.04.07"]
[Round "2"]
[White "Sasse, Gabriel"]
[Black "Li, Tobias"]
[Result "1-0"]
[ECO "C50"]
[WhiteElo "1277"]
[BlackElo "1215"]
[PlyCount "117"]
[EventDate "2020.??.??"]
[TimeControl "600"]
[WhiteClock "0:01:51"]
[BlackClock "0:04:56"]

1. e4 e5 2. Nf3 Nc6 3. Bc4 Bc5 4. Nc3 h6 5. h3 Nf6 6. O-O O-O 7. Ne1 Nb4 8. Qf3 c6 9. Qg3 d5 10. exd5 Nfxd5 11. Nxd5 cxd5 12. Bb3 Nc6 13. d3 Qf6 14. c3 Bd7 15. Nc2 Bf5 16. Ne3 d4 17. Nxf5 Qxf5 18.
Bxh6 Qf6 19. Bg5 Qg6 20. cxd4 exd4 21. Rac1 Bb6 22. Bd5 Rac8 23. Be4 Qe6 24. Rce1 Ne5 25. Bf4 Bc7 26. Qh4 Ng6 27. Qg3 Bxf4 28. Qf3 Bc7 29. Bxb7 Qxa2 30. Bxc8 Rxc8 31. Qf5 Rf8 32. Rc1 Bb6 33. Rc8 Rxc8 34. Qxc8+ Kh7 35. Qb7 Qxb2 36. Qxf7 Qc3 37. Rd1 Qc2 38. Rf1 Qxd3 39. Qd5 Nf4 40. Qd6 Qe4 41. Rd1 Ba5 42. Qa3 Bb6 43. Qb4 Qe6 44. Re1 Qf6 45. Re4 Kh6 46. Qd2 Qf7 47. Rxf4 Qd7 48. Rf7+ Kg6 49. Rxd7 a5 50. Qd3+ Kh6 51. Rd6+ Kg5 52. Rxb6 a4 53. Ra6 a3 54. Rxa3 g6 55. Qxd4 Kh5 56. Rg3 g5 57. Qg4+ Kg6 58. Qxg5+ Kh7 59. Qg7# {[%emt 0:00:04]
LimeFarActor won by checkmate} 1-0

[Event "Fast Chess"]
[Site "ChessKid.com"]
[Date "2020.04.07"]
[Round "2"]
[White "Hlinka, Patricia"]
[Black "Hlinka, Patrick"]
[Result "0-1"]
[ECO "A40"]
[WhiteElo "944"]
[BlackElo "1098"]
[PlyCount "30"]
[EventDate "2020.??.??"]
[TimeControl "600"]
[WhiteClock "0:09:05"]
[BlackClock "0:08:28"]

1. d4 e5 2. dxe5 Bc5 3. e3 f5 4. a4 f4 5. exf4 Qh4 6. g3 Qe7 7. a5 Bb4+ 8. Ke2 d5 9. e6 Bxe6 10. f5 Bxf5+ 11. Kf3 h5 12. h4 Bg4+ 13. Kf4 Bxd1 14. c3 Qe4+ 15. Kg5 Be7# {[%emt 0:00:07]
GoldMusicalTaxi won by checkmate} 0-1

[Event "Fast Chess"]
[Site "ChessKid.com"]
[Date "2020.04.07"]
[Round "3"]
[White "Sasse, Gabriel"]
[Black "Georgiev, Maximilian"]
[Result "0-1"]
[ECO "C55"]
[WhiteElo "1271"]
[BlackElo "1360"]
[PlyCount "48"]
[EventDate "2020.??.??"]
[TimeControl "600"]
[WhiteClock "0:08:42"]
[BlackClock "0:08:48"]

1. e4 e5 2. Nf3 Nc6 3. Nc3 Nf6 4. Bc4 h6 5. h3 Bb4 6. O-O d6 7. a3 Ba5 8. Ne1 O-O 9. Qf3 a6 10. d3 b5 11. Bb3 Nd4 12. Qg3 Re8 13.
Bxh6 g6 14. Bg5 Bxc3 15. bxc3 Ne2+ 16. Kh1 Nxg3+ 17. Kh2 Nxf1+ 18. Kg1 Nd2 19. Ba2 Ndxe4 20. Bxf6 Nxf6 21. Rd1 Bb7 22. Nf3 Nh5 23. Ng5 Qxg5 24. Re1 Qxg2# {[%emt 0:00:02] TallSnazzyBall won by checkmate} 0-1

[Event "Fast Chess"]
[Site "ChessKid.com"]
[Date "2020.04.07"]
[Round "3"]
[White "Li, Patrick"]
[Black "Hlinka, Patricia"]
[Result "1-0"]
[ECO "B50"]
[WhiteElo "949"]
[BlackElo "936"]
[PlyCount "57"]
[EventDate "2020.??.??"]
[TimeControl "600"]
[WhiteClock "0:06:33"]
[BlackClock "0:06:53"]

1. e4 e5 2. Nf3 d6 3. Nc3 c5 4. Bc4 b5 5. Ng5 a6 6. Nxf7 Qg5 7. Nxg5 h6 8.
Nf7 bxc4 9. Nxh8 h5 10. Nd5 Bb7 11. Nc7+ Kd8 12. Nxa8 Bxa8 13. Nf7+ Kc8 14. Nxd6+ Kd7 15. Nxc4 Bxe4 16.
Qxh5 g6 17. Nb6+ Kc7 18. Qxe5+ Bd6 19. Qe8 Kxb6 20. Qxe4 g5 21. Qe8 g4 22. Qxg8 c4 23. Qxg4 c3 24. h4 cxb2 25. Bxb2 a5 26.
h5 Bf8 27. Qg6+ Kb7 28. Qg8 Bd6 29. h6 {[%emt 0:
00:05] WideClassyQuiz won by resignation} 1-0

[Event "Fast Chess"]
[Site "ChessKid.com"]
[Date "2020.04.07"]
[Round "3"]
[White "Li, Tobias"]
[Black "Hlinka, Patrick"]
[Result "1-0"]
[ECO "C41"]
[WhiteElo "1221"]
[BlackElo "1092"]
[PlyCount "41"]
[EventDate "2020.??.??"]
[TimeControl "600"]
[WhiteClock "0:07:44"]
[BlackClock "0:08:06"]

1. e4 e5 2. Nf3 d6 3. Nc3 Bg4 4. Be2 Bxf3 5. Bxf3 Qd7 6. Be2 Nc6 7. O-O Nce7 8. Bb5 c6 9. Ba4 Qe6 10. d4 exd4 11. Qxd4 b5 12. Bb3 c5 13. Qd2 Qg6 14. a3 Qf6 15. Nxb5 Rb8 16. Nxd6+ Kd8 17. e5 Qh6 18. Nxf7+ Ke8 19. Nxh6 gxh6 20. Qf4 Rd8 21. Qf3 {
[%emt 0:00:04] OnlyHungryKiwi won by resignation} 1-0

[Event "Fast Chess"]
[Site "ChessKid.com"]
[Date "2020.04.08"]
[Round "1"]
[White "Hlinka, Patrick"]
[Black "Georgiev, Maximilian"]
[Result "0-1"]
[ECO "C24"]
[WhiteElo "1087"]
[BlackElo "1384"]
[PlyCount "136"]
[EventDate "2020.??.??"]
[TimeControl "300+50"]
[WhiteClock "0:06:48"]
[BlackClock "0:05:50"]

1. e4 e5 2. Bc4 Nf6 3. d3 Nc6 4. Bg5 Bc5 5. Bxf6 Qxf6 6. Nh3 d6 7. Nc3 Bxh3 8. O-O Qg6 9. Qf3 Bd7 10. Qg3 Qxg3 11. hxg3 O-O 12. Bd5 Na5 13. a3 c6 14. b4 cxd5 15. bxc5 d4 16. Nd5 dxc5 17. Nc7 Rac8 18. Nd5 Be6 19. Ne7+ Kh8 20. Nxc8 Rxc8 21. Rfc1 h6 22. c3 dxc3 23. Rxc3 Rd8 24. Rd1 Bg4 25. Rd2 Nc4 26. Rxc4 Rc8 27. d4 exd4 28. f3 Be6 29. Rcc2 Bb3 30. Rb2 a5 31. Rxb3 Rb8 32. Rbb2 b5 33. a4 c4 34. axb5 c3 35. Ra2 cxd2 36. Rxd2 Rxb5 37. Kf1 Rb4 38. Ke1 a4 39. Kd1 a3 40. Kc1 Ra4 41. Kb1 g5 42. f4 g4 43. e5 Kg8 44. f5 Kf8 45. e6 fxe6 46. fxe6 Ke7 47. Re2 Kd6 48. e7 Ra8 49. e8=Q Rxe8 50. Rxe8 d3 51. Re1 Kc5 52. Rd1 Kc4 53. Ka2 Kc3 54. Kb1 a2+ 55. Kxa2 Kc2 56. Rh1 d2 57. Rg1 d1=Q 58. Rxd1 Kxd1 59. Ka3 Ke2 60. Kb3 Kf2 61. Kc3 Kxg3 62. Kd3 Kxg2 63. Ke4 g3 64. Kf4 Kf2 65. Kg4 g2 66. Kh3 g1=Q 67. Kh4 Qg5+ 68. Kh3 Qg3# {[%emt 0:00:46] TallSnazzyBall won by checkmate} 0-1

[Event "Fast Chess"]
[Site "ChessKid.com"]
[Date "2020.04.08"]
[Round "1"]
[White "Li, Tobias"]
[Black "Hlinka, Patricia"]
[Result "1-0"]
[ECO "C40"]
[WhiteElo "1235"]
[BlackElo "943"]
[PlyCount "25"]
[EventDate "2020.??.??"]
[TimeControl "300+50"]
[WhiteClock "0:04:26"]
[BlackClock "0:05:06"]

1. e4 e5 2. Nf3 f6 3. Nxe5 fxe5 4. Qh5+ Ke7 5. Qg5+ Ke8 6. Qh5+ Ke7 7. Qxe5+ Kf7 8. Bc4+ Kg6 9. Qf5+ Kh6 10. d4+ g5 11. h4 Kg7 12. h5 h6 13.
Qf7# {[%emt 0:00:48] OnlyHungryKiwi won by checkmate} 1-0

[Event "Fast Chess"]
[Site "ChessKid.com"]
[Date "2020.04.08"]
[Round "2"]
[White "Georgiev, Maximilian"]
[Black "Li, Tobias"]
[Result "1-0"]
[ECO "C20"]
[WhiteElo "1389"]
[BlackElo "1230"]
[PlyCount "84"]
[EventDate "2020.??.??"]
[TimeControl "300+50"]
[WhiteClock "0:03:18"]
[BlackClock "0:05:25"]

1. e4 e5 2. f3 Nf6 3. Nc3 Nc6 4. Bc4 Bc5 5. Nge2 O-O 6. d3 d6 7. Na4 b6 8. Nxc5 bxc5 9. O-O Re8 10. Bg5 h6 11. Bh4 Be6 12. Bd5 Bxd5 13.
exd5 Nb4 14. c4 g5 15. Bg3 Rb8 16. b3 Na6 17. a4 Qd7 18. a5 c6 19. dxc6 Qxc6 20. Re1 Nb4 21. Rf1 d5 22. cxd5 Qxd5 23. Nc3 Qxd3 24. Qxd3 Nxd3 25. Rad1 Nb4 26. Rfe1 Nc6 27. a6 Rxb3 28. Nd5 Nxd5 29. Rxd5 Rb5 30. Bxe5 Nxe5 31. Rdxe5 Rxe5 32. Rxe5 Kg7 33.
Rd5 Ra5 34. Kf2 c4 35. Rxa5 Kg6 36. Rc5 f6 37. Rxc4 f5 38. Rc7 h5 39. Rxa7 g4 40. f4 h4 41. h3 gxh3 42. gxh3 Kh5 {[%emt 0:00:46] TallSnazzyBall
won by resignation} 1-0

[Event "Fast Chess"]
[Site "ChessKid.com"]
[Date "2020.04.08"]
[Round "3"]
[White "Hlinka, Patricia"]
[Black "Georgiev, Maximilian"]
[Result "0-1"]
[ECO "D00"]
[WhiteElo "942"]
[BlackElo "1390"]
[PlyCount "24"]
[EventDate "2020.??.??"]
[TimeControl "300+50"]
[WhiteClock "0:04:57"]
[BlackClock "0:04:05"]

1. d4 d5 2. e3 Nf6 3. c3 e6 4. a4 Be7 5. g4 e5 6. dxe5 Bxg4 7. Qb3 Nh5 8. h4 Be6 9. Qxb7 Nc6 10. Qxc6+ Bd7 11. Qa6 O-O 12. Qe2 g6 {[%emt 0:00:53]
TallSnazzyBall won by resignation} 0-1

[Event "Fast Chess"]
[Site "ChessKid.com"]
[Date "2020.04.08"]
[Round "3"]
[White "Li, Tobias"]
[Black "Hlinka, Patrick"]
[Result "1-0"]
[ECO "C25"]
[WhiteElo "1235"]
[BlackElo "1088"]
[PlyCount "25"]
[EventDate "2020.??.??"]
[TimeControl "300+50"]
[WhiteClock "0:04:54"]
[BlackClock "0:05:22"]

1. e4 e5 2. Nf3 Bc5 3. Nc3 d6 4. Bc4 Bg4 5. O-O Bxf3 6. Qxf3 Nh6 7. d4 O-O 8. dxc5 d5 9. Bxd5 c6 10. Bxh6 Qe8 11. Qg3 g5 12. Qxg5+ Kh8 13. Qg7# {[%emt 0:00:47] OnlyHungryKiwi won by checkmate} 1-0

[Event "Fast Chess"]
[Site "ChessKid.com"]
[Date "2020.04.09"]
[Round "1"]
[White "Li, Tobias"]
[Black "Georgiev, Maximilian"]
[Result "0-1"]
[ECO "B01"]
[WhiteElo "1252"]
[BlackElo "1414"]
[PlyCount "124"]
[EventDate "2020.??.??"]
[TimeControl "600"]
[WhiteClock "0:07:09"]
[BlackClock "0:05:21"]

1. e4 d5 2. d3 dxe4 3. dxe4 Qxd1+ 4. Kxd1 Nc6 5. Nc3 Nf6 6. Bf4 e5 7. Bg3 Bb4 8. Kd2 Bxc3+ 9. Kxc3 Nxe4+ 10. Kd3 Nxg3 11. hxg3 O-O 12. Nf3 f6 13. Kd2 Bg4 14. Rd1 Bxf3 15. gxf3 Nd4 16. Be2 Nxe2 17. Kxe2 Rfd8 18. Rxd8+ Rxd8 19.
Rh4 a6 20. Rc4 c6 21. Rb4 Rd7 22. a4 b5 23. axb5 axb5 24. c4 bxc4 25. Rxc4 Rd6 26. Rc3 Kf7 27. b4 h5 28. g4 hxg4 29. fxg4 g5 30. Ke3 Ke6 31. Ke4 Kf7 32. f3 Ke6 33. Rc5 Rd5 34. Rxd5 cxd5+ 35. Kd3 Kd6 36. Kc3 d4+ 37. Kc4 Kc6 38. Kb3 Kb5 39. Ka3 d3 40. Kb3 d2 41. Kc2 Kxb4 42. Kxd2 Kc4 43. Ke3 Kd5 44. Kd3 Ke6 45. Ke4 Kf7 46. Kf5 Ke7 47. Ke4 Ke6 48. Ke3 f5 49. gxf5+ Kxf5 50. Kf2 Kf4 51. Ke2 e4 52. fxe4 Kxe4 53. Kf2 Kf4 54. Kg2 Kg4 55. Kf2 Kh3 56. Kg1 g4 57. Kh1 Kg3 58. Kg1 Kf3 59. Kf1 g3 60. Kg1 g2 61. Kh2 Kf2 62. Kh3 g1=Q {
[%emt 0:00:02] TallSnazzyBall won by resignation} 0-1

[Event "Fast Chess"]
[Site "ChessKid.com"]
[Date "2020.04.09"]
[Round "1"]
[White "Sasse, Gabriel"]
[Black "Dai, Lana"]
[Result "0-1"]
[ECO "C50"]
[WhiteElo "1258"]
[BlackElo "1249"]
[PlyCount "68"]
[EventDate "2020.??.??"]
[TimeControl "600"]
[WhiteClock "0:04:56"]
[BlackClock "0:07:30"]

1. e4 e5 2. Nf3 Nc6 3. Bc4 Bc5 4. Nc3 d6 5. h3 Nf6 6. Ng5 Be6 7. Bxe6 fxe6 8. Nxe6 Qd7 9. Nxc5 dxc5 10. O-O O-O-O 11. b3 g5 12. Na4 Na5 13. Bb2 g4 14. Bxe5 gxh3 15. gxh3 Qe7 16. Bxf6 Qxf6 17. Nxc5 Qg5+ 18. Kh2 Qxc5 19. Qg4+ Kb8 20. Qf3 Qe5+ 21. Kg1 Rxd2 22. Rab1 Rxc2 23. b4 Nc4 24. b5 Nd2 25. Qd3 Nxf1 26. Qxc2 Qh2+ 27. Kxf1 Qh1+ 28. Ke2 Qf3+ 29. Kf1 Qxh3+ 30. Ke2 Qg4+ 31. Ke3 Qh3+ 32. Ke2 Qg4+ 33. Kf1 Qh3+ 34. Kg1 Rg8# {[%emt 0:00:02] TopBrownCave won by checkmate} 0-1

[Event "Fast Chess"]
[Site "ChessKid.com"]
[Date "2020.04.09"]
[Round "2"]
[White "Georgiev, Maximilian"]
[Black "Dai, Lana"]
[Result "1-0"]
[ECO "C50"]
[WhiteElo "1419"]
[BlackElo "1245"]
[PlyCount "61"]
[EventDate "2020.??.??"]
[TimeControl "600"]
[WhiteClock "0:02:54"]
[BlackClock "0:07:39"]

1. e4 e5 2. Nf3 Nc6 3. Bc4 Bc5 4. d3 h6 5. O-O d6 6. Nc3 Bg4 7. h3 Bh5 8. Bb5 Nf6 9. Be3 Bxe3 10. fxe3 O-O 11. Qe1 Bxf3 12. Rxf3 Nb4 13. Rc1 a6 14. Bc4 b5 15. Bb3 a5 16. a4 bxa4 17. Nxa4 c6 18. Rg3 d5 19. exd5 cxd5 20. e4 dxe4 21. dxe4 Nc6 22. Rg6 Nd4 23. Bc4 Rc8 24. b3 Qe7 25. Qh4 Qa7 26. Kf1 Ne8 27. Qxh6 Qe7 28. Rg3 Nd6 29. Ba6 Ra8 30. Bd3 Rfd8 31. Qxg7# {
[%emt 0:00:06] TallSnazzyBall won by checkmate} 1-0

[Event "Fast Chess"]
[Site "ChessKid.com"]
[Date "2020.04.09"]
[Round "2"]
[White "Li, Patrick"]
[Black "Sasse, Gabriel"]
[Result "1-0"]
[ECO "C55"]
[WhiteElo "986"]
[BlackElo "1245"]
[PlyCount "24"]
[EventDate "2020.??.??"]
[TimeControl "600"]
[WhiteClock "0:09:34"]
[BlackClock "0:09:28"]

1. e4 e5 2. Nf3 Nc6 3. Nc3 Nf6 4. Bc4 h6 5. O-O Bc5 6. h3 O-O 7. Bb5 Ne8 8. Bxc6 dxc6 9. Nxe5 Qf6 10. Ng4 Qg5 11. d4 Bb6 12. Bxg5 hxg5 {[%emt 0:
00:03] WideClassyQuiz won by resignation} 1-0

[Event "Fast Chess"]
[Site "ChessKid.com"]
[Date "2020.04.09"]
[Round "3"]
[White "Li, Patrick"]
[Black "Georgiev, Maximilian"]
[Result "0-1"]
[ECO "B01"]
[WhiteElo "985"]
[BlackElo "1420"]
[PlyCount "56"]
[EventDate "2020.??.??"]
[TimeControl "600"]
[WhiteClock "0:07:33"]
[BlackClock "0:04:57"]

1. e4 d5 2. f3 dxe4 3. fxe4 Nf6 4. Nc3 Bg4 5. Nf3 Nc6 6. h3 Bh5 7. d3 e6 8. Qd2 Bb4 9. a3 Ba5 10. Qf4 O-O 11. Qg3 Bg6 12. e5 Nh5 13.
Qg4 f6 14. exf6 Nxf6 15. Qc4 a6 16. Qb3 Bf7 17. Qxb7 Bxc3+ 18. bxc3 Na5 19. Qb2 Rb8 20. Qa2 e5 21. c4 h6 22. Nxe5 Re8 23.
Bb2 Nd7 24. O-O-O Nxe5 25. Bxe5 Rxe5 26. h4 g5 27. hxg5 Qxg5+ 28. Rd2 Re1# {[%emt 0:00:02] TallSnazzyBall won by
checkmate} 0-1

[Event "Fast Chess"]
[Site "ChessKid.com"]
[Date "2020.04.09"]
[Round "3"]
[White "Dai, Lana"]
[Black "Li, Tobias"]
[Result "1/2-1/2"]
[ECO "C58"]
[WhiteElo "1245"]
[BlackElo "1252"]
[PlyCount "120"]
[EventDate "2020.??.??"]
[TimeControl "600"]
[WhiteClock "0:03:02"]

1. e4 e5 2. Nf3 Nc6 3. Bc4 Nf6 4. Ng5 d5 5. exd5 Na5 6.
Bb5+ c6 7. dxc6 bxc6 8. Bd3 h6 9. Nf3 Bc5 10. O-O O-O 11. Nc3 Bg4 12. Na4 Bd4 13. h3 Bh5 14. c3 Bb6 15. b4 Nb7 16. Ba3 Re8 17. Nxb6 Qxb6 18. c4 c5 19. b5 a6 20. bxa6 Rxa6 21. Rb1 Qc6 22. Bb2 Rxa2 23. Re1 e4 24. Bxf6 gxf6 25. g4 Bg6 26. Bc2 exf3 27. Rxe8+ Qxe8 28. Bxg6 fxg6 29. Qxf3 Kg7 30. Qxb7+ Qf7 31.
Qxf7+ Kxf7 32. Rb7+ Ke6 33. Rb6+ Kf7 34. Rb7+ Kg8 35. d3 g5 36. Rc7 Rd2 37. Rxc5 Rxd3 38. Rc8+ Kg7 39. Rc7+ Kg6 40. Kg2 Rc3 41. Rc8 f5 42. gxf5+ Kxf5 43. Rf8+ Kg6 44. Rc8 Kf5 45. Rc5+ Kg6 46. Rc6+ Kg7 47. Rc7+ Kg6 48. Rc6+ Kf5 49. Rc5+ Ke6 50. Rc6+ Kf7 51. f3 h5 52. Kg3 h4+ 53. Kg4 Ke7 54. f4 gxf4 55. Kxf4 Rxh3 56. Rc7+ Kd6 57. Rc8 Ke7 58. Rc7+ Kd6 59. Rf7 Ke6 60. Rc7 Kd6 {[%emt 0:00:
02] Game drawn by repetition} 1/2-1/2

[Event "Fast Chess"]
[Site "ChessKid.com"]
[Date "2020.04.10"]
[Round "1"]
[White "Rosenkranz, Benjamin"]
[Black "Georgiev, Maximilian"]
[Result "0-1"]
[ECO "B01"]
[WhiteElo "1153"]
[BlackElo "1351"]
[PlyCount "74"]
[EventDate "2020.??.??"]
[TimeControl "600"]
[WhiteClock "0:08:15"]
[BlackClock "0:07:08"]

1. e4 d5 2. e5 Nc6 3. Nf3 Bg4 4. Bb5 Bxf3 5. Qxf3 a6 6. Bxc6+ bxc6 7. O-O f6 8. exf6 Nxf6 9. Nc3 e6 10. d3 Be7 11. Bg5 O-O 12. Rfe1 h6 13.
Bxf6 Rxf6 14. Qg3 Bc5 15. Na4 Bxf2+ 16. Qxf2 Rxf2 17. Kxf2 Qh4+ 18. Kg1 Qxa4 19. Rxe6 Qxc2 20. Re7 Qxb2 21. Rf1 Qxa2 22. Rxc7 Qc2 23. d4 Qd3 24. Rxc6 Qxd4+ 25. Kh1 Qd3 26. Rg1 a5 27. h3 a4 28. Rcc1 a3 29. h4 Qd4 30. g4 a2 31. Rgf1 a1=Q 32. h5 Qab2 33.
Ra1 Rxa1 34. Rxa1 Qxa1+ 35. Kg2 Qd3 36. Kf2 Qa2+ 37. Ke1 Qdb1# {[%emt 0:00:01]
TallSnazzyBall won by checkmate} 0-1

[Event "Fast Chess"]
[Site "ChessKid.com"]
[Date "2020.04.10"]
[Round "1"]
[White "Li, Tobias"]
[Black "Li, Patrick"]
[Result "0-1"]
[ECO "C55"]
[WhiteElo "1240"]
[BlackElo "1002"]
[PlyCount "36"]
[EventDate "2020.??.??"]
[TimeControl "600"]
[WhiteClock "0:08:16"]
[BlackClock "0:08:23"]

1. e4 e5 2. Nf3 Nc6 3. Nc3 Nf6 4. Bc4 h6 5. d4 exd4 6.
Nxd4 Nxd4 7. Qxd4 g6 8. O-O Bg7 9. Qd1 Ng4 10. Qxg4 d5 11.
Qe2 dxc4 12. Qxc4 Be6 13. Qb5+ Bd7 14. Qxb7 Bxc3 15. bxc3 Rb8 16. Qa6 Bb5 17. Qa3 Bxf1 18. Kxf1 Qd1# {[%emt 0:00:09]
WideClassyQuiz won by checkmate} 0-1

[Event "Fast Chess"]
[Site "ChessKid.com"]
[Date "2020.04.10"]
[Round "2"]
[White "Georgiev, Maximilian"]
[Black "Li, Patrick"]
[Result "1-0"]
[ECO "C65"]
[WhiteElo "1353"]
[BlackElo "1000"]
[PlyCount "135"]
[EventDate "2020.??.??"]
[TimeControl "600"]
[WhiteClock "0:02:27"]
[BlackClock "0:05:30"]

1. e4 e5 2. Nf3 Nc6 3. Bb5 Bc5 4. O-O Nf6 5. d3 Ng4 6.
Nxe5 Ncxe5 7. d4 Bxd4 8. Qxd4 Ng6 9. Qxg7 Rf8 10. Qxh7 Ne7 11.
Bg5 f6 12. Qh5+ Rf7 13. Qxg4 a6 14. Bd2 axb5 15. Nc3 d5 16.
Nxb5 Bxg4 17. f3 Bd7 18. Nc3 f5 19. exd5 Rg7 20. Bh6 Rg6 21.
Bf4 Ba4 22. b3 Ra5 23. bxa4 Nxd5 24. Nxd5 Rxd5 25. Rfe1+ Kf8 26.
Bg3 Rg7 27. Bh4 Qd6 28. g4 fxg4 29. Kh1 Rd7 30. fxg4 Qb4 31.
g5 Qb2 32. g6 Rg7 33. c4 Re5 34. Reb1 Qd4 35. Bf6 Qd5+ 36. Kg1 Qe6 37. Bxe5 Qxe5 38. Re1 Qg5+ 39. Kh1 Qxg6 40. Rg1 Qf6 41. Raf1 Qxf1 42. Rxf1+ Kg8 43. Rg1 Rxg1+ 44. Kxg1 Kf7 45. Kg2 Ke7 46. Kg3 c6 47. h3 Kd6 48. h4 Ke7 49. Kg4 Kf7 50. Kg5 Kg7 51. h5 Kh7 52. Kf6 b6 53.
Kg5 Kg7 54. h6+ Kh7 55. Kh5 b5 56. cxb5 cxb5 57. axb5 Kg8 58. b6 Kf8 59. b7 Ke8 60. b8=Q+ Ke7 61. h7 Ke6 62. h8=Q Kd5 63. Qbe8 Kc4 64. Qd8 Kc5 65. Qc3+ Kb5 66. Qb8+ Ka4 67. Qcb3+ Ka5 68. Qa3# {[%emt 0:00:01] TallSnazzyBall won by checkmate} 1-0

[Event "Fast Chess"]
[Site "ChessKid.com"]
[Date "2020.04.10"]
[Round "2"]
[White "Rosenkranz, Benjamin"]
[Black "Li, Tobias"]
[Result "0-1"]
[ECO "C44"]
[WhiteElo "1147"]
[BlackElo "1246"]
[PlyCount "56"]
[EventDate "2020.??.??"]
[TimeControl "600"]
[WhiteClock "0:07:09"]
[BlackClock "0:07:01"]

1. e4 e5 2. Nf3 Nc6 3. Ng1 Nf6 4. Nf3 Bc5 5. Bd3 Ng4 6.
O-O Nxf2 7. Rxf2 Bxf2+ 8. Kxf2 O-O 9. Nc3 d6 10. g3 Bg4 11.
Bb5 Nd4 12. d3 Bxf3 13. Qg1 Nxb5 14. Nxb5 Bg4 15. Be3 c6 16. Nc3 d5 17. exd5 cxd5 18. d4 Re8 19. dxe5 d4 20. Bf4 dxc3 21. bxc3 Rc8 22. c4 Rxc4 23. Qb1 Qd4+ 24. Be3 Qxe5 25. Bxa7 h6 26. Qd1 Bxd1 27. Rxd1 Rxc2+ 28. Kf3 Qf5# {[%emt 0:00:04]
OnlyHungryKiwi won by checkmate} 0-1

[Event "Fast Chess"]
[Site "ChessKid.com"]
[Date "2020.04.10"]
[Round "3"]
[White "Li, Tobias"]
[Black "Georgiev, Maximilian"]
[Result "1-0"]
[ECO "B01"]
[WhiteElo "1257"]
[BlackElo "1343"]
[PlyCount "83"]
[EventDate "2020.??.??"]
[TimeControl "600"]
[WhiteClock "0:07:03"]
[BlackClock "0:05:09"]

1. e4 d5 2. exd5 Qxd5 3. Nc3 Qd8 4. Nf3 Nf6 5. Bc4 e6 6. d4 Bb4 7. Bd2 O-O 8. O-O h6 9. h3 a6 10. a3 Ba5 11. b4 Bb6 12. Be3 Nc6 13.
Re1 a5 14. Ne5 Nxe5 15. dxe5 Qxd1 16. Raxd1 Ne8 17. Bxb6 cxb6 18. bxa5 bxa5 19. Rd8 f6 20. Bxe6+ Bxe6 21. Rxa8 fxe5 22. Rxe5 Nc7 23. Rxf8+ Kxf8 24. Re1 b5 25. a4 b4 26. Ne4 Bf5 27. c3 Nd5 28. cxb4 axb4 29. Nc5 Bc2 30. Rc1 b3 31. Nxb3 Bxb3 32. a5 Nb4 33. Rb1 Nc6 34. Rxb3 Nxa5 35. Rb8+ Kf7 36. Ra8 Nc6 37. Rc8 Ne7 38. Rc7 Ke6 39. Ra7 Nc8 40. Rxg7 Kf6 41. Rh7 Kg6 42. Rc7 {[%emt 0:00:09] OnlyHungryKiwi
won by resignation} 1-0

[Event "Fast Chess"]
[Site "ChessKid.com"]
[Date "2020.04.10"]
[Round "3"]
[White "Li, Patrick"]
[Black "Rosenkranz, Benjamin"]
[Result "1-0"]
[ECO "C55"]
[WhiteElo "1014"]
[BlackElo "1136"]
[PlyCount "109"]
[EventDate "2020.??.??"]
[TimeControl "600"]
[WhiteClock "0:03:43"]
[BlackClock "0:03:45"]

1. e4 e5 2. Nf3 Nc6 3. Nc3 d6 4. Bc4 Nf6 5. Ng5 d5 6. exd5 Nb4 7. d6 Be6 8. Bxe6 fxe6 9. dxc7 Qxc7 10. Nxe6 Qe7 11. Nxf8 Qxf8 12. Nb5 O-O-O 13. c3 Nd3+ 14. Ke2 Nxc1+ 15. Qxc1 Kb8 16. d3 a6 17. Na3 b5 18. c4 bxc4 19. Nxc4 Rc8 20. Qe3 e4 21. dxe4 Rxc4 22. Qb6+ Ka8 23. Qxa6+ Kb8 24. Qxc4 Qd8 25. Rhd1 Qb6 26. Rd3 Qxb2+ 27. Rd2 Qxa1 28. Qf7 Rg8 29. Qe7 Qc3 30. Rd8+ Rxd8 31. Qxd8+ Qc8 32. Qe7 Qg8 33. Qe5+ Kc8 34. Qf5+ Kc7 35. Qf4+ Kb7 36. Qf3 Qe8 37. e5+ Kb6 38. Qe3+ Kc6 39. exf6 Qxe3+ 40. Kxe3 gxf6 41. f4 Kb5 42. g4 Ka4 43. h4 Ka3 44. Ke4 Kxa2 45. Kf5 Kb3 46. Kxf6 Kc4 47. f5 Kd5 48. Kf7 Kd6 49. f6 Ke5 50. g5 Kf5 51. Kg7 h5 52. gxh6 Kg4 53.
f7 Kxh4 54. f8=Q Kh5 55. h7 {[%emt 0:00:18] WideClassyQuiz won by resignation} 1-0

[Event "Fast Chess"]
[Site "ChessKid.com"]
[Date "2020.04.11"]
[Round "1"]
[White "Dai, Lana"]
[Black "Georgiev, Maximilian"]
[Result "1-0"]
[ECO "B01"]
[WhiteElo "1256"]
[BlackElo "1331"]
[PlyCount "37"]
[EventDate "2020.??.??"]
[TimeControl "300+10"]
[WhiteClock "0:03:56"]
[BlackClock "0:02:55"]

1. e4 d5 2. exd5 Qxd5 3. Nc3 Qd8 4. Bc4 Nf6 5. d3 h6 6. Bf4 a6 7. Nf3 e6 8. a3 Bc5 9. Ne5 O-O 10. O-O Qd4 11. Bg3 Bd6 12. Ra2 Bxe5 13.
Bxe5 Qxe5 14. Re1 Qd6 15. Ne4 Qb6 16. Nxf6+ gxf6 17. Qg4+ Kh8 18. Qh4 Rg8 19. Qxh6# {[%emt 0:00:18]
TopBrownCave won by checkmate} 1-0

[Event "Fast Chess"]
[Site "ChessKid.com"]
[Date "2020.04.11"]
[Round "1"]
[White "Li, Tobias"]
[Black "Sasse, Gabriel"]
[Result "0-1"]
[ECO "C50"]
[WhiteElo "1249"]
[BlackElo "1238"]
[PlyCount "94"]
[EventDate "2020.??.??"]
[TimeControl "300+10"]
[WhiteClock "0:01:22"]
[BlackClock "0:00:20"]

1. e4 e5 2. Nf3 Nc6 3. Nc3 Nf6 4. Bc4 h6 5. h3 Bc5 6. O-O d6 7. d3 O-O 8. a3 Ne8 9. b4 Qf6 10. bxc5 dxc5 11. Be3 Qg6 12. Bxc5 Nd6 13. Bxd6 cxd6 14. Qe2 Bxh3 15. Nh4 Qg5 16. Qf3 Bg4 17. Qg3 Nd4 18. Rfe1 Nxc2 19. Rac1 Nxe1 20. Rxe1 Qd2 21. Rf1 Be2 22. Nxe2 Qxe2 23. Qf3 Qb2 24. Bd5 Rab8 25. a4 Qb4 26. Nf5 Qxa4 27. Ne7+ Kh8 28. Rb1 Rbe8 29. Nf5 g6 30. Nxh6 Qc2 31. Rf1 Kg7 32. Ng4 Rh8 33. Bxb7 Re7 34. Bd5 Rc7 35. Ne3 Qb2 36. g3 Qd4 37. Ng4 Qa4 38. Kg2 Qb4 39. Rc1 Re7 40. Rc4 Qb2 41. Ra4 Qb1 42. Nh2 Qb6 43. Rc4 Qb5 44. Ng4 Qb3 45. Rc6 Qb8 46. Ra6 Qb1 47. Qe3 Qh1# {[%emt 0:00:
14] LimeFarActor won by checkmate} 0-1

[Event "Fast Chess"]
[Site "ChessKid.com"]
[Date "2020.04.11"]
[Round "2"]
[White "Sasse, Gabriel"]
[Black "Dai, Lana"]
[Result "0-1"]
[ECO "C50"]
[WhiteElo "1231"]
[BlackElo "1264"]
[PlyCount "48"]
[EventDate "2020.??.??"]
[TimeControl "300+10"]
[WhiteClock "0:03:09"]
[BlackClock "0:03:15"]

1. e4 e5 2. Nf3 Nc6 3. Nc3 Bc5 4. Bc4 d6 5. d3 h6 6. O-O Bg4 7. h3 Bh5 8. Nd5 Nd4 9. Be3 Nxf3+ 10. gxf3 Bxe3 11. Nxe3 Qg5+ 12. Kh1 Qh4 13. Nd5 Qxh3+ 14. Kg1 Bxf3 15. Qxf3 Qxf3 16. Nxc7+ Kd8 17. Nxa8 Qg4+ 18. Kh1 Qf3+ 19. Kg1 Nf6 20. Bxf7 Ng4 21. Bh5 Qh3 22. Bxg4 Qxg4+ 23. Kh1 Rf8 24. Rg1 Qh3# {[%emt 0:00:15] TopBrownCave won by checkmate} 0-1